 Dungeon Crawl Stone Soup version 0.30-a0-591-g3c58d2bc28 (webtiles) character file.

Game seed: 5855946049599765359

79 Leeroy the Insei (level 4, -7/32 HPs)
             Began as a Merfolk Transmuter on Jan 5, 2023.
             Killed by divine providence
             ... invoked by an orc priest
              (9 damage)
             ... on level 3 of the Dungeon.
             The game lasted 00:04:40 (1709 turns).

Leeroy the Insei (Merfolk Transmuter)               Turns: 1709, Time: 00:04:41

Health: -7/32      AC:  2    Str: 10    XL:     4   Next: 38%
Magic:  4/7        EV: 20    Int: 14    God:
Gold:   72         SH:  0    Dex: 19    Spells: 3/7 levels left

rFire   . . .      SeeInvis .      - Unarmed
rCold   . . .      Faith    .    (shield currently unavailable)
rNeg    . . .      Spirit   .    (body armour currently unavailable)
rPois   x          Reflect  .    (helmet currently unavailable)
rElec   .          Harm     .    (cloak currently unavailable)
rCorr   .          Rampage  .    (gloves currently unavailable)
Will    .....                    (boots currently unavailable)
Stlth   ++                       (no amulet)
HPRegen 0.25/turn                (no ring)
MPRegen 0.10/turn                (no ring)

@: spider-form (expiring)
A: venomous fangs, tiny, (nimble swimmer 2), (mertail)
a: End Transformation


You were on level 3 of the Dungeon.
You were a venomous arachnid creature.
You visited 1 branch of the dungeon, and saw 3 of its levels.

You collected 72 gold pieces.

Inventory:

Hand Weapons
 i - a +1 dagger of venom
Armour
 a - a +0 robe (melded)
 c - a +0 helmet
Wands
 k - a wand of roots (11)
Scrolls
 f - a scroll of blinking {unknown}
 g - a scroll of vulnerability {unknown}
 h - a scroll of brand weapon {unknown}
 l - 2 scrolls of identify {unknown}
 m - 2 scrolls of teleportation {unknown}
 o - a scroll of noise {unknown}
Potions
 b - 2 potions of lignification
 d - a potion of flight {unknown}
 e - a potion of mutation {unknown}
 j - 2 potions of attraction {unknown}
 n - a potion of might {unknown}


   Skills:
 - Level 1.1 Fighting
 - Level 2.6 Dodging
 + Level 5.6 Unarmed Combat
 - Level 2.0 Spellcasting
 - Level 2.6 Transmutations


You had 3 spell levels left.
You knew the following spells:

 Your Spells              Type           Power      Damage    Failure   Level
a - Beastly Appendage     Tmut           16%        N/A       21%         1
b - Spider Form           Tmut/Pois      5%         N/A       61%         3

Your spell library contained the following spells:

 Spells                   Type           Power      Damage    Failure   Level
 Wereblood                Tmut           8%         N/A       28%         2
 Passwall                 Tmut/Erth      4%         N/A       41%         2
 Ensorcelled Hibernation  Hex/Ice        2%         N/A       56%         2
 Swiftness                Air            1%         N/A       77%         3
 Ice Form                 Ice/Tmut       5%         N/A       92%         4
 Animate Dead             Necr           1%         N/A       98%         4
 Borgnjor's Vile Clutch   Necr/Erth      0%         N/A       100%        5
 Death Channel            Necr           0%         N/A       100%        6


Dungeon Overview and Level Annotations

Branches:
Dungeon (3/15)

Altars:


Innate Abilities, Weirdness & Mutations

You are a venomous arachnid creature.
You have poisonous fangs.
You are tiny and dextrous.
Your spellcasting is less reliable in this form.
Your armour is entirely melded.
You are incapable of wielding weapons or throwing items.
((You are very nimble when in or above water. (Stealth+, EV+, Speed+++)))
((Your lower body shifts to a powerful aquatic tail in water.))


Message History

The orc priest shouts!
You hit the quokka.
The quokka is moderately wounded.
The quokka closely misses you.
You punch the quokka!
You kill the quokka!
You punch the orc!
You kill the orc!
Things that are here:
a +0 club; an orc corpse You hit the orc priest.
The orc priest is lightly wounded.
The orc hits you with a +0 dagger.
The orc priest hits you with a +0 flail!
Casting: Beastly Appendage (safe; 8% risk of failure)
Confirm with . or Enter, or press ? or * to list all spells.
The spell is quite dangerous to miscast (38% risk of failure)!
Continue anyway?
You turn into a venomous arachnid creature.
Your +0 robe melds into your body.
The orc closely misses you.
The orc priest calls down the wrath of Beogh upon you.
Beogh smites you!
You hit the orc priest.
The orc priest is lightly wounded.
The orc priest barely misses you. The orc misses you.
You hit the orc priest but do no damage.
The orc priest is poisoned.
The orc priest is lightly wounded.
The orc priest calls down the wrath of Beogh upon you.
Pain shoots through your body!
* * * LOW HITPOINT WARNING * * *
The orc hits you with a +0 dagger.
* * * LOW HITPOINT WARNING * * *
Okay, then.
You hit the orc priest but do no damage.
The orc priest looks as sick as possible!
The orc priest is moderately wounded.
Your transformation is almost over.
The orc priest calls down the wrath of Beogh upon you.
Beogh smites you!
You die...

##.## ##... .. ...# .#
#..# .# #..# .#
###########..# .#
#............####.#
.........###....†.#.#..#
#.######.# #####so.....#
#.# #.# #o......#
#.######.#######......!#
#.#....................#
...........#####.....###
.<....##.### ###.###
.##.#.##.# .# .##.#.##.#
.# .........#


You could see an orc priest (extremely poisoned) and an orc.

Vanquished Creatures
  An adder (D:2)
  2 dart slugs
  An orc (D:3)
  5 ball pythons
  6 endoplasms
  5 giant cockroaches
  A goblin (D:1)
  7 hobgoblins
  3 kobolds
  3 quokkas
  6 bats
  3 frilled lizards
  22 rats
65 creatures vanquished.

Notes
Turn   | Place    | Note
-------+----------+-------------------------------------------
     0 | D:1      | Leeroy the Merfolk Transmuter began the quest for the Orb.
     0 | D:1      | Reached XP level 1. HP: 15/15 MP: 3/3
   107 | D:1      | Reached XP level 2. HP: 15/21 MP: 5/5
   206 | D:1      | Reached skill level 4 in Unarmed Combat
   547 | D:1      | Reached XP level 3. HP: 24/26 MP: 6/6
   601 | D:2      | Learned a level 3 spell: Spider Form
   795 | D:2      | Reached skill level 5 in Unarmed Combat
  1191 | D:2      | Found a faded altar of an unknown god.
  1202 | D:2      | Reached XP level 4. HP: 30/32 MP: 7/7
  1709 | D:3      | Killed from afar by an orc priest

Illustrated notes

Levels and vault maps discovered:
D:1:      ebering_hopf_link, layout_basic, solitary_fountain
D:2:      layout_basic, chequers_ecumenical_altar_simple_redux,
          nicolae_concentric_dashed_squares_mild, grunt_ministairs_3,
          minmay_rat_hole
D:3:      minmay_door_path, layout_loops_ring, uniq_crazy_yiuf_cottage,
          uniq_pargi

Skill      XL: |  1  2  3 |
---------------+----------+-----
Unarmed Combat | 4 5 |  5.6
Fighting       | |  1.1
Dodging        | |  2.6
Spellcasting   | |  2.0
Transmutations | |  2.6

Action                   |  1- 3 |  4- 6 || total
-------------------------+-------+-------++-------
Melee: Unarmed           |   132 |    59 ||   191
       Punch             |     1 |     1 ||     2
 Cast: Beastly Appendage |     1 |       ||     1
       Spider Form       |       |     1 ||     1
 Stab: Sleeping          |       |     1 ||     1
Armor: Robe              |    30 |     8 ||    38
Dodge: Dodged            |    84 |    48 ||   132

Table legend: (Time is in decaauts)
 A = Elapsed time spent in this place.
 B = Non-inter-level travel time spent in this place.
 C = Inter-level travel time spent in this place.
 D = Time resting spent in this place.
 E = Time spent auto-exploring this place.
 F = Levels seen in this place.
 G = Mean time per level.
                   A        B        C        D        E       F      G
               +--------+--------+--------+--------+--------+-----+--------+
         Total |   1691 |   1640 |     51 |      0 |   1259 |   3 |  563.7 |
       Dungeon |   1691 |   1640 |     51 |      0 |   1259 |   3 |  563.7 |
               +--------+--------+--------+--------+--------+-----+--------+

Top non-repeatable levels by time:
     D:2: 1020 daAuts
     D:1: 585 daAuts
     D:3: 86 daAuts
